 Dungeon Crawl Stone Soup version 0.25.0-11-g1f837a76a1 (webtiles) character file.

Game seed: 15724747932846454404

268 MisterFreud the Slasher (level 6, -8/51 HPs)
             Began as a Minotaur Fighter on June 27, 2020.
             Mangled by Menkaure (15 damage)
             ... on level 4 of the Dungeon.
             The game lasted 00:02:12 (2957 turns).

MisterFreud the Slasher (Minotaur Fighter)          Turns: 2957, Time: 00:02:13

Health: -8/51      AC:  8    Str: 21    XL:     6   Next: 0%
Magic:  5/5        EV:  7    Int:  5    God:
Gold:   185        SH:  9    Dex: 11    Spells: 5/5 levels left

rFire    . . .     SeeInvis .   a - +0 long sword
rCold    . . .     Gourm    .   c - +0 kite shield
rNeg     . . .     Faith    .   b - +0 scale mail
rPois    +         Spirit   .   (helmet restricted)
rElec    .         Reflect  .   (no cloak)
rCorr    .         Harm     .   (no gloves)
MR       .....                  j - +0 pair of boots
Stlth    ..........             (no amulet)
HPRegen  0.17/turn              u - +4 ring of slaying
MPRegen  0.09/turn              t - ring of poison resistance

@: no status effects
A: retaliatory headbutt, horns 2
a: no special abilities


You were on level 4 of the Dungeon.
You were hungry.

You visited 1 branch of the dungeon, and saw 4 of its levels.

You collected 185 gold pieces.

Inventory:

Hand Weapons
 a - a +0 long sword (weapon)
Missiles
 o - 3 boomerangs (quivered)
Armour
 b - a +0 scale mail (worn)
 c - a +0 kite shield (worn)
 j - a +0 pair of boots (worn)
Jewellery
 p - an uncursed ring of protection from fire
 t - a ring of poison resistance (right hand)
 u - a +4 ring of slaying (left hand)
Scrolls
 e - a scroll of enchant armour {unknown}
 g - 3 scrolls of identify {unknown}
 i - a scroll of enchant weapon {unknown}
 m - 2 scrolls of teleportation {unknown}
 n - 2 scrolls of remove curse {unknown}
 s - a scroll of random uselessness {unknown}
Potions
 d - 3 potions of might
 k - a potion of cancellation {unknown}
 l - 2 potions of mutation {unknown}
 q - a potion of resistance {unknown}
 r - a potion of stabbing {unknown}
Comestibles
 f - 8 rations


   Skills:
 - Level 3.6 Fighting
 + Level 7.6 Long Blades
 - Level 3.6 Armour
 - Level 3.6 Shields


You had 5 spell levels left.
You didn't know any spells.
Your spell library contained the following spells:

 Spells                   Type           Power        Failure   Level  Hunger
 Beastly Appendage        Tmut           #.....       99%         1    ##.....
 Sticks to Snakes         Tmut           #.......     100%        2    ###....
 Spider Form              Tmut/Pois      #.........   100%        3    ####...
 Ice Form                 Ice/Tmut       #.......     100%        4    #####..
 Blade Hands              Tmut           #.........   100%        5    ######.


Dungeon Overview and Level Annotations

Branches:
Dungeon (4/15)
 Temple: D:4-7

Altars:
Elyvilon
Qazlal
Wu Jian

Annotations:
D:4 Menkaure


Innate Abilities, Weirdness & Mutations

You reflexively headbutt those who attack you in melee.
You have a pair of horns on your head.


Message History

Your experience leads to an increase in your attributes!
Increase (S)trength, (I)ntelligence, or (D)exterity?
You feel agile.
Menkaure calls on the powers of darkness!
Your body is wracked with pain!
A dart slug comes into view.
Menkaure hits you!
Menkaure calls on the powers of darkness!
Your body is wracked with pain!
* * * LOW HITPOINT WARNING * * *
The dart slug convulses!
You are too injured to fight recklessly!
You hit Menkaure.
Menkaure is lightly damaged.
Menkaure hits you.
* * * LOW HITPOINT WARNING * * *
You hit Menkaure.
Menkaure is moderately damaged.
Menkaure hits you!
You die...

.... ######...........
#...####............####
........................
....................####
.........############
.........#
.........######
....w..........
......M@.......
...............
...............
...............
...............
...............
#######....#### #....#


You could see Menkaure and a dart slug.

Vanquished Creatures
  A scorpion (D:4)
  An orc priest (D:4)
  An orc wizard (D:3)
  2 worker ants (D:4)
  Robin (D:2)
  3 adders
  2 worms
  8 orcs
  2 giant cockroaches
  7 goblins
  12 hobgoblins
  4 jackals (D:3)
  3 quokkas
  2 ball pythons
  3 bats
  3 frilled lizards
  3 kobolds
  6 rats
64 creatures vanquished.

Vanquished Creatures (others)
  A bat (D:3)
1 creature vanquished.

Grand Total: 65 creatures vanquished

Notes
Turn   | Place    | Note
-------+----------+-------------------------------------------
     0 | D:1      | MisterFreud the Minotaur Fighter began the quest for the
                  | Orb.
     0 | D:1      | Reached XP level 1. HP: 19/19 MP: 0/0
   166 | D:1      | Reached skill level 3 in Long Blades
   438 | D:1      | Reached XP level 2. HP: 26/26 MP: 1/1
   995 | D:2      | Found an ornate altar of the Wu Jian Council.
  1123 | D:2      | Reached skill level 4 in Long Blades
  1217 | D:2      | Noticed Robin
  1235 | D:2      | Reached XP level 3. HP: 21/31 MP: 2/2
  1242 | D:2      | Killed Robin
  1600 | D:2      | Reached skill level 5 in Long Blades
  1852 | D:3      | Reached XP level 4. HP: 32/39 MP: 3/3
  1978 | D:3      | Found a stormy altar of Qazlal.
  2126 | D:3      | Found a white marble altar of Elyvilon.
  2132 | D:3      | Reached skill level 6 in Long Blades
  2655 | D:4      | Reached XP level 5. HP: 43/45 MP: 4/4
  2738 | D:4      | Reached skill level 7 in Long Blades
  2949 | D:4      | Noticed Menkaure
  2951 | D:4      | Reached XP level 6. HP: 51/51 MP: 5/5
  2957 | D:4      | Mangled by Menkaure

Illustrated notes

Levels and vault maps discovered:
D:1:      eino_arrival_cavern_a, layout_loops_corners, minmay_crystal_room,
          chequers_serial_rivers_micro_a
D:2:      layout_basic, lemuel_doored_altar, uniq_robin
D:3:      layout_loops_ring, grunt_qazlal_clouds, elyvilon_altar_1
D:4:      minmay_recursive_quarters, layout_basic, uniq_menkaure

Skill      XL: |  1  2  3  4  5 |
---------------+----------------+-----
Long Blades    | 3 4 5 6 7 |  7.6
Fighting       | |  3.6
Armour         | |  3.6
Shields        | |  3.6

Action                   |  1- 3 |  4- 6 || total
-------------------------+-------+-------++-------
Melee: Long sword        |    84 |    73 ||   157
       Headbutt          |    10 |    12 ||    22
  Eat: Chunk             |     3 |     3 ||     6
Armor: Scale mail        |    25 |    28 ||    53
Dodge: Dodged            |    28 |    23 ||    51
Block: Kite shield       |    35 |    32 ||    67
       Rpst.: Long sword |     7 |     5 ||    12
